[Event "Titled Tuesday Blitz March 22 Late 2022"]
[White "Jaskolka, Tomasz"]
[Black "Sanchez, Robert"]
[WhiteFideId "1170791"]
[BlackFideId "2034360"]
[WhiteElo "2073"]
[BlackElo "2260"]
[Result "1-0"]
[Round "09"]
[TimeControl "180+1"]
[Date "2022.03.22"]
[WhiteClock "0:00:10"]
[BlackClock "0:00:02"]

1. d4 d5 2. Bf4 Nf6 3. e3 e6 4. c3 Be7 5. Nd2 O-O 6. Ngf3 c5 7. Bd3 Nc6 8. Ne5 Nxe5 9. dxe5 Nd7 10. Nf3 f5 11. h3 c4 12. Bc2 Nc5 13. g4 Ne4 14. Bxe4 fxe4 15. Nd4 Bd7 16. Qe2 b5 17. O-O Bc5 18. f3 Bxd4 19. cxd4 exf3 20. Rxf3 Be8 21. e4 Bg6 22. exd5 Qxd5 23. Rd1 Be4 24. Rf2 Rf7 25. Qe3 Raf8 26. h4 Bh1 27. Kh2 Rxf4 28. Rfd2 Be4 29. Qa3 Rxg4 30. Qe7 Bf5 31. Rf1 Rxd4 32. Rg2 Qxe5+ 33. Kh1 Rd3 34. h5 Rh3+ 35. Kg1 Rg3 36. Rf2 Rxg2+ 37. Rxg2 Qf6 38. Qxa7 Be4 39. Rg4 Qf1+ 40. Kh2 Rf2+ 41. Kg3 Qg1+ 42. Kh4 Rh2+ 43. Kg5 Qxa7 44. h6 Qe7+ 45. Kf4 Rf2+ 46. Kxe4 Rf7 47. a3 Qd6 48. Rg3 Qxg3 49. a4 bxa4 50. b4 axb3 51. Kd4 1-0


[Site "https://www.chess.com"]

[Event "Titled Tuesday Blitz March 22 Late 2022"]
[White "Jeet, Jain"]
[Black "Daianu, Cristian-Clement"]
[WhiteFideId "5073022"]
[BlackFideId "1208926"]
[WhiteElo "2085"]
[BlackElo "2159"]
[Result "1/2-1/2"]
[Round "09"]
[TimeControl "180+1"]
[Date "2022.03.22"]
[WhiteClock "0:00:11"]
[BlackClock "0:00:13"]

1. d4 f5 2. Bg5 h6 3. Bf4 Nf6 4. Nc3 e6 5. Qd3 Be7 6. e4 fxe4 7. Nxe4 O-O 8. Bg3 Nc6 9. c3 d6 10. Nf3 Nxe4 11. Qxe4 Bf6 12. Bd3 e5 13. Qh7+ Kf7 14. Qg6+ Kg8 15. dxe5 Bxe5 16. Nxe5 Nxe5 17. Bxe5 dxe5 18. Rd1 Qf6 19. Qh7+ Kf7 20. O-O Be6 21. Qe4 Kg8 22. Qxb7 Rab8 23. Qxc7 Rxb2 24. Qxa7 Rxa2 25. Qc5 Rc8 26. Qe3 Bf5 27. Bxf5 Qxf5 28. Rd5 Rc2 29. Rxe5 Qg6 30. Rc5 Rxc5 31. Qxc5 Qd3 32. Re1 Rxc3 33. Qe5 Rc2 34. h4 Rd2 35. Qe8+ Kh7 36. h5 Qf5 37. Re2 Rd1+ 38. Kh2 Rd4 39. g3 Rd5 40. Qe4 Qxe4 41. Rxe4 Rxh5+ 42. Kg2 Rf5 43. f4 Rf6 44. Kf3 Kg6 45. g4 Kf7 46. Ra4 Re6 47. Ra7+ Kf6 48. f5 Rb6 49. Ra4 Rb3+ 50. Kf4 Rb6 51. Ra8 Rc6 52. Rf8+ Ke7 53. Rg8 Kf6 54. Rd8 Rc4+ 55. Kg3 Rc3+ 56. Kh4 Rc6 57. Rd4 Ra6 58. Re4 Rb6 59. Rd4 Rc6 60. Re4 Rd6 61. Rc4 Rb6 62. Ra4 Rd6 63. Ra8 Rb6 64. Rf8+ Ke7 65. Rc8 Kf6 66. Rc7 Rd6 67. Rb7 Ra6 68. Rb4 Rd6 69. Rc4 Ra6 70. Re4 Rd6 71. Kh5 Rc6 72. Rd4 Rb6 73. Rc4 Rc6 74. Ra4 Rd6 75. Re4 Rb6 76. Re6+ Rxe6 77. fxe6 Kxe6 78. Kg6 Ke5 79. Kxg7 Kf4 80. Kxh6 Kxg4 1/2-1/2


[Site "https://www.chess.com"]

[Event "Titled Tuesday Blitz March 22 Late 2022"]
[White "Kamsky, Gata"]
[Black "Domingo Nunez, Alejandro"]
[WhiteFideId "2000024"]
[BlackFideId "22245561"]
[WhiteElo "2645"]
[BlackElo "2215"]
[Result "1-0"]
[Round "09"]
[TimeControl "180+1"]
[Date "2022.03.22"]
[WhiteClock "0:01:08"]
[BlackClock "0:00:04"]

1. d4 g6 2. h4 h5 3. Nf3 Bg7 4. Ng5 d5 5. c3 c6 6. Bf4 Nd7 7. e4 dxe4 8. Bc4 Nh6 9. Bxf7+ Nxf7 10. Ne6 Nf6 11. Nxd8 Nxd8 12. Nd2 Bg4 13. Qc2 Bf5 14. Qb3 Nd5 15. Be5 Bxe5 16. dxe5 e3 17. Nf3 b5 18. O-O Ne6 19. a4 Bd3 20. Rfe1 exf2+ 21. Kxf2 Bc4 22. Qc2 Ndf4 23. Rad1 Nc5 24. Kg3 O-O 25. Rd4 Bd3 26. Qd1 Ne2+ 27. Rxe2 Bxe2 28. Qxe2 Ne6 29. Rd7 Rf7 30. Qe4 Raf8 31. Qxc6 Nf4 32. axb5 Ne2+ 33. Kf2 Nf4 34. e6 Rf6 35. Rxe7 Nd3+ 36. Ke3 Nf4 37. Ng5 Rf5 38. Rf7 Rd8 39. Rxf5 1-0


[Site "https://www.chess.com"]

[Event "Titled Tuesday Blitz March 22 Late 2022"]
[White "Karttunen, Mika"]
[Black "Weetik, Vjacheslav"]
[WhiteFideId "502081"]
[BlackFideId "4153472"]
[WhiteElo "2343"]
[BlackElo "2469"]
[Result "0-1"]
[Round "09"]
[TimeControl "180+1"]
[Date "2022.03.22"]
[WhiteClock "0:00:01"]
[BlackClock "0:00:16"]

1. e4 c6 2. d4 d5 3. e5 Bf5 4. h4 Qb6 5. Nc3 h6 6. g4 Bd7 7. h5 e6 8. f4 c5 9. Nf3 Nc6 10. Ne2 cxd4 11. Nexd4 Bc5 12. c3 Nge7 13. Rh2 f6 14. exf6 gxf6 15. Re2 e5 16. fxe5 fxe5 17. Nxe5 Nxe5 18. Rxe5 O-O-O 19. Qe2 Nc6 20. Nxc6 Bxc6 21. Bh3 Rhe8 22. g5+ Kb8 23. Bf4 Ka8 24. O-O-O hxg5 25. Bxg5 d4 26. Bxd8 Rxd8 27. h6 Rh8 28. h7 a6 29. Bf5 dxc3 30. bxc3 Ba3+ 31. Kd2 Rd8+ 32. Bd3 Qb2+ 33. Ke1 Qxc3+ 34. Kf1 Bc5 35. Rxc5 Qxc5 36. Qf2 Qh5 0-1


[Site "https://www.chess.com"]

[Event "Titled Tuesday Blitz March 22 Late 2022"]
[White "Kohler, Aran"]
[Black "Burke, Paul"]
[WhiteFideId "1002856"]
[BlackFideId "2605767"]
[WhiteElo "2290"]
[BlackElo "1931"]
[Result "1-0"]
[Round "09"]
[TimeControl "180+1"]
[Date "2022.03.22"]
[WhiteClock "0:00:47"]
[BlackClock "0:00:32"]

1. e4 e5 2. Nf3 Nc6 3. Bc4 Be7 4. c3 Nf6 5. d4 Nxe4 6. dxe5 d5 7. exd6 Nxd6 8. Be2 O-O 9. O-O Bg4 10. Bf4 Bxf3 11. Bxf3 Bg5 12. Bg3 f5 13. Bxd6 cxd6 14. Bd5+ Kh8 15. Na3 f4 16. Re1 Ne5 17. Bxb7 f3 18. Bxa8 Qxa8 19. g3 Qc8 20. Re4 Qf5 21. Rd4 Be3 22. fxe3 f2+ 23. Kg2 d5 24. Rf4 Qc8 25. Qxd5 1-0


[Site "https://www.chess.com"]

[Event "Titled Tuesday Blitz March 22 Late 2022"]
[White "Kosteniuk, Alexandra"]
[Black "Thavandiran, Shiyam"]
[WhiteFideId "4128125"]
[BlackFideId "2605058"]
[WhiteElo "2469"]
[BlackElo "2357"]
[Result "1-0"]
[Round "09"]
[TimeControl "180+1"]
[Date "2022.03.22"]
[WhiteClock "0:00:09"]
[BlackClock "0:00:06"]

1. e4 e6 2. d4 d5 3. Nc3 Nf6 4. Bg5 dxe4 5. Nxe4 Nbd7 6. Nf3 h6 7. Nxf6+ Nxf6 8. Be3 Nd5 9. Bd3 Bd6 10. Qd2 Nxe3 11. Qxe3 O-O 12. O-O Qe7 13. Rfe1 c5 14. d5 Qf6 15. Qe4 g6 16. c3 exd5 17. Qxd5 Bg4 18. Be4 Rab8 19. Rad1 Rfd8 20. Qb3 b5 21. h3 c4 22. Qc2 Be6 23. Qc1 Bf4 24. Qc2 Kg7 25. Nd4 Bd7 26. Qe2 Bc7 27. Qf3 Qe5 28. g3 Qf6 29. Qxf6+ Kxf6 30. Kg2 Rb6 31. Re3 Re8 32. Nf3 Bc8 33. Rde1 Kg7 34. Nd4 a6 35. Bd5 Rxe3 36. Rxe3 Bd6 37. Re8 Bd7 38. Re2 Kf8 39. h4 Rb8 40. Re3 a5 41. Rf3 f5 42. h5 Kg7 43. hxg6 Kxg6 44. Be6 Bxe6 45. Nxe6 b4 46. Nd4 bxc3 47. bxc3 Rb2 48. Nxf5 Bc5 49. Ne3 Bxe3 50. Rxe3 Rxa2 51. Re6+ Kg7 52. Ra6 Ra3 53. Ra7+ Kg6 54. Ra6+ Kg5 55. Kh3 h5 56. f4+ Kf5 57. Kh4 Rb3 58. Rxa5+ Ke4 59. Re5+ Kd3 60. f5 Kxc3 61. f6 Kd4 62. Rf5 Rb8 63. Kxh5 c3 64. g4 c2 65. Rf1 Ke3 66. f7 Rf8 67. Kg6 Kd2 68. Kg7 Rxf7+ 69. Kxf7 c1=Q 70. Rxc1 Kxc1 71. g5 1-0


[Site "https://www.chess.com"]

[Event "Titled Tuesday Blitz March 22 Late 2022"]
[White "Kovanova, Baira"]
[Black "Mekhitarian, Krikor Sevag"]
[WhiteFideId "4164083"]
[BlackFideId "2107660"]
[WhiteElo "2190"]
[BlackElo "2598"]
[Result "0-1"]
[Round "09"]
[TimeControl "180+1"]
[Date "2022.03.22"]
[WhiteClock "0:00:03"]
[BlackClock "0:00:42"]

1. e4 c5 2. Nf3 e6 3. d4 cxd4 4. Nxd4 Nc6 5. Nc3 a6 6. Nxc6 bxc6 7. Bd3 d5 8. O-O Qc7 9. Re1 Bb7 10. Qf3 Bd6 11. h3 Ne7 12. Qg4 O-O 13. Bg5 Ng6 14. exd5 cxd5 15. Bxg6 hxg6 16. h4 Rae8 17. h5 gxh5 18. Qxh5 f6 19. Bd2 Qf7 20. Qxf7+ Kxf7 21. Rad1 Rc8 22. Be3 Rfd8 23. Re2 Bc6 24. f4 Bc7 25. Kf2 e5 26. fxe5 fxe5 27. Bg5 Rd7 28. Bh4 Kg6 29. Bg3 Re8 30. Ke1 Re6 31. Rd3 Kf7 32. a3 Kg8 33. b4 Re8 34. Bf2 d4 35. Bxd4 Rxd4 36. Rxd4 exd4 37. Rxe8+ Bxe8 38. Ne2 Be5 39. Kd2 Bc6 40. g3 Bf3 41. Nf4 Bxf4+ 42. gxf4 Be4 43. a4 Kf7 44. b5 axb5 45. axb5 Ke6 0-1


[Site "https://www.chess.com"]

[Event "Titled Tuesday Blitz March 22 Late 2022"]
[White "Maghsoodloo, Parham"]
[Black "Sarana, Alexey"]
[WhiteFideId "12539929"]
[BlackFideId "24133795"]
[WhiteElo "2630"]
[BlackElo "2666"]
[Result "1-0"]
[Round "09"]
[TimeControl "180+1"]
[Date "2022.03.22"]
[WhiteClock "0:01:08"]
[BlackClock "0:00:02"]

1. d4 Nf6 2. c4 e6 3. Nc3 Bb4 4. e3 O-O 5. Bd2 d5 6. Nf3 b6 7. cxd5 exd5 8. Rc1 Bb7 9. Bd3 Re8 10. Ne5 Bf8 11. O-O c5 12. f4 Ne4 13. Bxe4 dxe4 14. Nxf7 Kxf7 15. Qb3+ Kg6 16. f5+ Kh6 17. Be1 Bd6 18. Nb5 Bd5 19. Qd1 g5 20. f6 Nc6 21. h4 Rg8 22. Qg4 Rg6 23. Rf5 Qg8 24. hxg5+ Rxg5 25. Qh4+ 1-0


[Site "https://www.chess.com"]

[Event "Titled Tuesday Blitz March 22 Late 2022"]
[White "Maksimovic, Bojan"]
[Black "Reprintsev, Alexander"]
[WhiteFideId "14408120"]
[BlackFideId "14100541"]
[WhiteElo "2448"]
[BlackElo "2108"]
[Result "1-0"]
[Round "09"]
[TimeControl "180+1"]
[Date "2022.03.22"]
[WhiteClock "0:01:12"]
[BlackClock "0:00:04"]

1. a3 g6 2. g3 Bg7 3. c4 Nf6 4. Bg2 O-O 5. b4 d5 6. cxd5 Nxd5 7. Ra2 Be6 8. Bb2 a5 9. Bxg7 Kxg7 10. b5 Ne3 11. fxe3 Bxa2 12. Nc3 Be6 13. Bxb7 Ra7 14. Bg2 Qd6 15. Qa1 f6 16. Nf3 c6 17. O-O Rd8 18. Nd4 Bd7 19. bxc6 Bxc6 20. Bxc6 Nxc6 21. Ncb5 Qd7 22. Nxc6 Qxc6 23. Nxa7 Qc5 24. Qc3 Qxa7 25. Rb1 Qd7 26. d3 Qe6 27. e4 Qa2 28. Qb2 Qe6 29. Qb6 Qd7 30. Qxa5 Qd4+ 31. Kf1 Rc8 32. Qd5 Qe3 33. Qd7 Rc1+ 34. Rxc1 Qxc1+ 35. Kg2 Qxa3 36. Qd5 h5 37. e5 Qb2 38. exf6+ exf6 39. Qd7+ Kh6 40. Qe6 Qd4 41. Kf3 Kg7 42. Qe7+ Kg8 43. h4 Qa1 44. Kf2 Qd4+ 45. Qe3 Qa1 46. Qe4 Kf7 47. d4 Qc3 48. d5 Qc5+ 49. Kf3 Qd6 50. Qd4 g5 51. hxg5 fxg5 52. e4 g4+ 53. Kg2 Qa3 54. e5 Qa2+ 55. Qf2+ 1-0


[Site "https://www.chess.com"]

[Event "Titled Tuesday Blitz March 22 Late 2022"]
[White "Marcziter, Dmitrii"]
[Black "Manukian, Artak"]
[WhiteFideId "13900765"]
[BlackFideId "13301373"]
[WhiteElo "2155"]
[BlackElo "2428"]
[Result "1-0"]
[Round "09"]
[TimeControl "180+1"]
[Date "2022.03.22"]
[WhiteClock "0:00:50"]
[BlackClock "0:00:01"]

1. d4 Nf6 2. c4 g6 3. Nf3 Bg7 4. g3 O-O 5. Bg2 d6 6. O-O Nc6 7. Nc3 e5 8. dxe5 Nxe5 9. Nxe5 dxe5 10. Qxd8 Rxd8 11. Bg5 c6 12. Ne4 Nxe4 13. Bxd8 Nd2 14. Rfc1 Be6 15. Bg5 Nxc4 16. b3 Nb6 17. e4 f6 18. Be3 Kf7 19. Rd1 Ke8 20. Rd2 Bf8 21. Rad1 Bb4 22. Rc2 Nd7 23. Bf1 a5 24. Bc4 Bg4 25. Be2 Be6 26. f3 a4 27. Bc4 axb3 28. axb3 Bxc4 29. Rxc4 c5 30. Rc2 Ra3 31. Rb1 b5 32. Bc1 Ra6 33. Bd2 Bxd2 34. Rxd2 Ke7 35. Rd5 Rd6 36. Rbd1 Rxd5 37. Rxd5 c4 38. bxc4 bxc4 39. Kf2 Ke6 40. Ke3 f5 41. Ra5 fxe4 42. fxe4 Nf6 43. Ra6+ Ke7 44. h3 g5 45. Rc6 h5 46. Rxc4 h4 47. Kf3 hxg3 48. Kxg3 Nh5+ 49. Kg4 Nf4 50. Rc6 Kf7 51. Kf5 Nxh3 52. Kxe5 g4 53. Rh6 Kg7 54. Rh4 Nf2 55. Kf4 Kf6 56. Rh6+ Ke7 57. Ra6 g3 58. Kxg3 Nxe4+ 59. Kf4 Nd6 60. Ke5 Nc4+ 61. Kd5 Ne3+ 62. Ke4 Nc4 63. Kd4 Nd6 64. Kd5 Nf5 65. Ke5 Ng7 66. Ra7+ Kf8 67. Kf6 Ne8+ 68. Ke6 Ng7+ 69. Kf6 Ne8+ 70. Kg6 Nd6 71. Rd7 Ne8 72. Rf7+ Kg8 73. Re7 Kf8 74. Re1 Ng7 75. Rf1+ Kg8 76. Ra1 Ne6 77. Ra8+ Nf8+ 78. Kf6 Kh7 79. Rxf8 1-0


[Site "https://www.chess.com"]

[Event "Titled Tuesday Blitz March 22 Late 2022"]
[White "Martin Carmona, Gaston Manuel"]
[Black "Barp, Alberto"]
[WhiteFideId "22284567"]
[BlackFideId "872555"]
[WhiteElo "2161"]
[BlackElo "2229"]
[Result "0-1"]
[Round "09"]
[TimeControl "180+1"]
[Date "2022.03.22"]
[WhiteClock "0:00:03"]
[BlackClock "0:00:04"]

1. Nf3 d5 2. d4 e6 3. c4 c6 4. g3 Bb4+ 5. Bd2 Bd6 6. Bg2 f5 7. O-O Nf6 8. Bf4 Bxf4 9. gxf4 O-O 10. e3 b6 11. Qc2 Ba6 12. Nbd2 Nbd7 13. Rfc1 Rc8 14. cxd5 exd5 15. Qxf5 Qe7 16. Qc2 c5 17. Qa4 Bd3 18. Rc3 c4 19. Qxa7 b5 20. Ne5 b4 21. Rcc1 Bf5 22. Qa4 c3 23. bxc3 bxc3 24. Ndf3 Ne4 25. Nxd7 Bxd7 26. Qb3 Be6 27. Ne5 g5 28. Bxe4 dxe4 29. d5 gxf4 30. dxe6 fxe3 31. fxe3 Rc5 32. Nf7 Rfc8 33. Kh1 c2 34. Qb2 Qxe6 35. Qh8+ Kxf7 36. Rf1+ Ke7 37. Qg7+ Kd6 38. Qd4+ Kc6 39. Rac1 Qd5 40. Rf6+ Kb5 41. Qb2+ Ka5 42. Qb6+ Ka4 43. Qa6+ Ra5 44. Qe2 Qc4 45. Qd2 Rd5 46. Qf2 Rd1+ 47. Kg2 Rxc1 48. Rb6 Qf1+ 49. Qxf1 Rxf1 0-1


[Site "https://www.chess.com"]

[Event "Titled Tuesday Blitz March 22 Late 2022"]
[White "Martinez Alcantara, Jose Eduardo"]
[Black "Paravyan, David"]
[WhiteFideId "3805662"]
[BlackFideId "4194985"]
[WhiteElo "2690"]
[BlackElo "2569"]
[Result "1/2-1/2"]
[Round "09"]
[TimeControl "180+1"]
[Date "2022.03.22"]
[WhiteClock "0:00:04"]
[BlackClock "0:00:06"]

1. c4 Nf6 2. g3 c5 3. Bg2 d5 4. cxd5 Nxd5 5. Nc3 Nxc3 6. bxc3 Nc6 7. Rb1 e5 8. Qa4 Qc7 9. Nf3 Be7 10. Nxe5 Qxe5 11. Bxc6+ Kf8 12. Bf3 h5 13. h4 a6 14. O-O g5 15. hxg5 h4 16. Qf4 Qe6 17. g4 Rg8 18. Qe4 Qxe4 19. Bxe4 Bxg4 20. f4 Bxe2 21. Re1 Bc4 22. Rxb7 Re8 23. Bc6 Rc8 24. Rbxe7 Rxc6 25. R7e4 Re6 26. d3 Bxa2 27. c4 Rxe4 28. Rxe4 Kg7 29. f5 Rb8 30. Bf4 Rb1+ 31. Kh2 Rf1 32. Be5+ Kg8 33. Rxh4 f6 34. Bxf6 Rxf5 35. Rh8+ Kf7 36. Rh7+ Kg6 37. Ra7 Bb1 38. Rxa6 Bxd3 39. Rd6 Bxc4 40. Kg3 Rd5 41. Rc6 Kf5 42. Rc7 Bd3 43. Kf2 c4 44. Ke3 Rd6 45. Rc5+ Kg6 46. Be5 Re6 47. Kf4 Ra6 48. Rc7 Kh5 49. Rc8 Ra7 50. Rh8+ Rh7 51. Rf8 Bg6 52. Bf6 c3 53. Rc8 Ra7 54. Rxc3 Ra4+ 55. Ke5 Re4+ 56. Kd5 Re8 57. Kd6 Kg4 58. Rc5 Bf5 59. Rc7 Re6+ 60. Kd5 Re1 61. Ra7 Re2 62. Kd4 Re4+ 63. Kd5 Re1 64. Kc5 Re2 65. Ra3 Kh5 66. Kd6 Kg6 67. Kd5 Re1 68. Kd4 Re4+ 69. Kd5 Re1 70. Ra7 Be4+ 71. Kd4 Bf5 72. Kc3 Re2 73. Ra6 Kh5 74. Ra5 Kg6 75. Rb5 Re3+ 76. Kd2 Rd3+ 77. Ke2 Rh3 78. Rc5 Ra3 79. Rc6 Kh5 80. Kf2 Rb3 81. Rd6 Rd3 82. Rb6 Ra3 83. Rb5 Kg6 84. Rc5 Rb3 85. Rc6 Kh5 86. Be7 Bg6 87. Rc7 Rd3 88. Ke2 Rb3 89. Rc8 Rb6 90. Bf6 Kg4 91. Rg8 Kf5 92. Rf8 Kg4 93. Ke3 Re6+ 94. Kd4 Re4+ 95. Kd5 Re2 96. Rg8 Kf5 97. Rf8 Kg4 98. Be5 Kxg5 99. Rf1 Bf5 100. Rg1+ Bg4 101. Bd4 Kf5 102. Rf1+ Kg5 103. Rf8 Re1 104. Bc3 Re2 105. Kd4 Bf5 106. Rg8+ Bg6 107. Rf8 Re4+ 108. Kd5 Re2 109. Bd4 Be4+ 110. Kd6 Bf5 111. Bf6+ Kg4 112. Be5 Ra2 113. Rg8+ Kf3 114. Rb8 Ra6+ 115. Kd5 Be4+ 116. Kd4 Ra4+ 117. Kc5 Ra5+ 118. Kd6 Bf5 119. Rb3+ Ke4 120. Rb4+ Ke3 121. Bd4+ Kd3 122. Bb6 Ra2 123. Ke5 Bg6 124. Rg4 Be8 125. Rg8 Bb5 126. Rg3+ Kc4 127. Rg4+ Kb3 128. Bd4 Bc4 129. Rg3+ Kb4 130. Kd6 Rd2 131. Rg4 Kb3 132. Kc5 Rc2 133. Rg3+ Ka4 134. Bc3 Be2 135. Rh3 Kb3 136. Kd4 Ra2 137. Re3 Bb5 138. Re5 Ra4+ 139. Kc5 Bd3 140. Bd2 Kc2 141. Bg5 Ra5+ 142. Kd4 Ra4+ 143. Ke3 Rc4 144. Rd5 Rc3 145. Bf6 Bc4+ 146. Bxc3 Bxd5 1/2-1/2


[Site "https://www.chess.com"]

[Event "Titled Tuesday Blitz March 22 Late 2022"]
[White "Matinian, Nikita"]
[Black "Janaszak, Dawid"]
[WhiteFideId "24129100"]
[BlackFideId "1119206"]
[WhiteElo "2422"]
[BlackElo "2199"]
[Result "1-0"]
[Round "09"]
[TimeControl "180+1"]
[Date "2022.03.22"]
[WhiteClock "0:01:45"]
[BlackClock "0:00:32"]

1. e4 c5 2. Nc3 a6 3. d4 cxd4 4. Qxd4 Nc6 5. Qd2 g6 6. b3 Nf6 7. Bb2 Bg7 8. O-O-O d6 9. f4 O-O 10. Nf3 b5 11. Bd3 Bb7 12. h4 Nb4 13. h5 Rc8 14. hxg6 Nxd3+ 15. Qxd3 fxg6 16. Ng5 Qd7 17. e5 Nh5 18. Rxh5 b4 19. Rxh7 bxc3 20. Qxg6 cxb2+ 21. Kb1 e6 22. Rh8+ 1-0


[Site "https://www.chess.com"]

[Event "Titled Tuesday Blitz March 22 Late 2022"]
[White "Mikhalsky, Vladimir"]
[Black "Jacobson, Aaron"]
[WhiteFideId "14144352"]
[BlackFideId "2089912"]
[WhiteElo "2301"]
[BlackElo "2265"]
[Result "0-1"]
[Round "09"]
[TimeControl "180+1"]
[Date "2022.03.22"]
[WhiteClock "0:00:16"]
[BlackClock "0:00:02"]

1. c4 e5 2. Nc3 Nf6 3. g3 c6 4. d4 e4 5. d5 Bb4 6. Bg2 O-O 7. Nh3 Bxc3+ 8. bxc3 d6 9. Nf4 Re8 10. O-O Bf5 11. Rb1 Qd7 12. h4 e3 13. Bxe3 Bxb1 14. Qxb1 c5 15. h5 h6 16. Bh3 Qe7 17. Bf5 b6 18. Kg2 Nbd7 19. Nd3 Ne5 20. Nxe5 Qxe5 21. Rh1 Qxc3 22. Bd3 Rxe3 23. fxe3 Qe5 24. Qf1 Nxh5 25. Qf3 Nf6 26. Rh4 Re8 27. Kf2 Qa1 28. a4 Re5 29. Rxh6 gxh6 30. Qxf6 Qh1 31. Qd8+ Kg7 32. Qxd6 Rh5 33. e4 Rh2+ 34. Ke3 Qc1+ 35. Kf3 Qf1+ 36. Ke3 Qf6 37. Qf4 Qd4+ 38. Kf3 Rf2+ 39. Kg4 Rxf4+ 40. gxf4 Qe3 41. e5 h5+ 42. Kf5 h4 43. d6 h3 44. d7 Qd4 45. Kg4 Qxd7+ 46. Kg3 f6 47. exf6+ Kxf6 48. Kh2 Qd4 49. Kg3 Qe3+ 50. Kh2 Qxf4+ 51. Kxh3 Qc1 0-1


[Site "https://www.chess.com"]

[Event "Titled Tuesday Blitz March 22 Late 2022"]
[White "Milosevic, Milos"]
[Black "Kaasen, Tor Fredrik"]
[WhiteFideId "964875"]
[BlackFideId "1516647"]
[WhiteElo "2237"]
[BlackElo "2335"]
[Result "0-1"]
[Round "09"]
[TimeControl "180+1"]
[Date "2022.03.22"]
[WhiteClock "0:01:26"]
[BlackClock "0:01:18"]

1. e4 e5 2. Nf3 Nc6 3. Bb5 a6 4. Ba4 Nf6 5. d4 exd4 6. O-O Be7 7. e5 Ne4 8. Re1 Nc5 9. Bxc6 dxc6 10. Nxd4 O-O 11. Nc3 Re8 12. f4 Ne6 13. Nf5 Bc5+ 14. Be3 Bxe3+ 15. Rxe3 Qxd1+ 16. Rxd1 Nxf4 17. Ne7+ Kf8 18. Nxc8 Raxc8 19. Rf1 Ne6 20. Ref3 Re7 21. Ne4 Rd8 22. Rb3 b6 23. Ra3 a5 24. Rc3 c5 25. Re3 Red7 26. h4 Rd1 27. Ng5 Nxg5 28. hxg5 Rxf1+ 29. Kxf1 Rd2 30. Rc3 Ke7 31. a4 Ke6 0-1


[Site "https://www.chess.com"]

[Event "Titled Tuesday Blitz March 22 Late 2022"]
[White "Mirza, Diana"]
[Black "Thomas, Anysia"]
[WhiteFideId "2503999"]
[BlackFideId "670472"]
[WhiteElo "1813"]
[BlackElo "2002"]
[Result "0-1"]
[Round "09"]
[TimeControl "180+1"]
[Date "2022.03.22"]
[WhiteClock "0:00:17"]
[BlackClock "0:01:11"]

1. e4 c5 2. Nf3 g6 3. d4 cxd4 4. Nxd4 Nc6 5. Nc3 Bg7 6. Be3 Nf6 7. f3 O-O 8. Qd2 d5 9. exd5 Nxd5 10. Nxc6 bxc6 11. Nxd5 cxd5 12. Bd4 e5 13. Bc5 Re8 14. O-O-O d4 15. Bd3 Be6 16. Bb5 Bd7 17. Bd3 Qc7 18. Ba3 Be6 19. Be4 Bxa2 20. Bxa8 Rxa8 21. b3 Bxb3 22. Kb2 Ba4 23. Rhe1 Rb8+ 24. Ka2 Qc4+ 25. Ka1 Bxc2 26. Rc1 d3 27. Rxc2 dxc2 28. Re4 Rb1# 0-1


[Site "https://www.chess.com"]

[Event "Titled Tuesday Blitz March 22 Late 2022"]
[White "Nazaretyan, Tigran"]
[Black "Pesotskiy, Mikhail"]
[WhiteFideId "24162345"]
[BlackFideId "34164453"]
[WhiteElo "2219"]
[BlackElo "2010"]
[Result "0-1"]
[Round "09"]
[TimeControl "180+1"]
[Date "2022.03.22"]
[WhiteClock "0:00:09"]
[BlackClock "0:00:12"]

1. d4 Nf6 2. c4 e6 3. Nf3 Bb4+ 4. Bd2 a5 5. g3 b6 6. Bg2 Bb7 7. O-O O-O 8. Bf4 Be7 9. Nc3 Ne4 10. Qc2 Nxc3 11. Qxc3 Be4 12. Rfd1 d6 13. Qe3 Bb7 14. Qd3 f5 15. Ng5 Bxg5 16. Bxb7 Ra7 17. Bxg5 Qxg5 18. Bg2 Nd7 19. f4 Qe7 20. e4 fxe4 21. Qxe4 Nf6 22. Qc6 Raa8 23. Re1 Rae8 24. Bh3 Qf7 25. Re3 Re7 26. Rae1 Rfe8 27. d5 exd5 28. Qxe8+ Qxe8 29. Rxe7 Qc6 30. Be6+ Kh8 31. Bxd5 Qc5+ 32. Kg2 h5 33. Kh3 Nxd5 34. cxd5 Qxd5 35. Rxc7 Qxa2 36. Re8+ Kh7 37. Ree7 Qxb2 38. f5 Qf6 39. Rf7 Qg5 40. Kg2 Qg4 41. Kf2 Kh6 42. f6 Qd4+ 43. Ke2 gxf6 44. Rh7+ Kg6 45. Rcg7+ Kf5 46. Rxh5+ Ke6 47. Rh4 Qb2+ 48. Kf3 Qc3+ 49. Kg4 a4 50. Kh3 a3 51. Re4+ Kd5 52. Ra4 b5 53. Raa7 b4 54. Rgb7 Qb2 55. Ra5+ Kc4 56. Rc7+ Kb3 57. Rb7 a2 58. Rab5 Qa3 59. Re7 a1=Q 60. Re3+ Ka4 61. Rb8 Qxe3 62. Ra8+ Kb3 63. Rxa1 Qh6+ 64. Kg2 Kb2 65. Ra6 Qd2+ 66. Kh3 b3 67. Rxd6 Qxd6 68. Kg4 Kc3 69. Kf5 b2 70. h4 b1=Q+ 71. Kg4 Qh7 72. Kh3 Qe6+ 73. g4 Qd3+ 74. Kg2 Qee2+ 0-1


[Site "https://www.chess.com"]

[Event "Titled Tuesday Blitz March 22 Late 2022"]
[White "Olsen, Filip Boe"]
[Black "Taichman, Ori"]
[WhiteFideId "1440640"]
[BlackFideId "2804069"]
[WhiteElo "2188"]
[BlackElo "2227"]
[Result "1-0"]
[Round "09"]
[TimeControl "180+1"]
[Date "2022.03.22"]
[WhiteClock "0:00:17"]
[BlackClock "0:00:19"]

1. d4 Nf6 2. c4 g6 3. Nc3 Bg7 4. e4 O-O 5. h3 d6 6. Be3 e5 7. d5 Na6 8. g4 Nc5 9. f3 Ne8 10. b4 Na6 11. a3 Bh6 12. Qd2 Qh4+ 13. Qf2 Qxf2+ 14. Kxf2 Bxe3+ 15. Kxe3 f5 16. Nge2 Nf6 17. Rg1 Kf7 18. Rc1 Bd7 19. Nb5 Ke7 20. Rc2 c5 21. Rb2 f4+ 22. Kd2 g5 23. Nbc3 h5 24. Nc1 b6 25. Nd3 Rh8 26. Rg2 hxg4 27. hxg4 Rh1 28. Be2 Rah8 29. Rb1 Rxb1 30. Nxb1 Rh1 31. Bd1 b5 32. bxc5 Nxc5 33. Nxc5 dxc5 34. cxb5 Bxb5 35. Nc3 Bd7 36. Re2 Kd6 37. Kc2 Rf1 38. Rd2 Rh1 39. Kb2 Rh3 40. Be2 Rh2 41. Kc2 Rf2 42. Bd1 Rf1 43. Be2 Rf2 44. Kd1 Rh2 45. Ke1 Rh1+ 46. Kf2 Rc1 47. Nd1 Bxg4 48. fxg4 Nxe4+ 49. Ke1 Nxd2 50. Kxd2 Ra1 51. Nc3 a6 52. Bxa6 Rg1 53. Be2 Rg3 54. Ne4+ Kxd5 55. Nxg3 fxg3 56. Bf3+ Kd4 57. a4 c4 58. a5 c3+ 59. Kc2 Ke3 60. a6 Kxf3 61. a7 g2 62. a8=Q+ Kf2 63. Qa7+ Kf1 64. Qa6+ Kf2 65. Qb6+ Kf1 66. Qb5+ Kf2 67. Qc5+ Kf1 68. Qb5+ Kf2 69. Qb6+ Kf1 70. Qf6+ Ke2 71. Qxe5+ Kf2 72. Qf6+ Kg3 73. Qxc3+ Kh2 74. Qd2 Kh1 75. Qd5 Kh2 76. Qe5+ Kh1 77. Qe4 Kh2 78. Qe2 Kh1 79. Qf3 Kh2 80. Qf2 Kh1 81. Kd3 g1=Q 82. Qxg1+ Kxg1 83. Ke4 Kg2 84. Kf5 Kf3 85. Kxg5 Ke4 86. Kf6 Kf4 87. g5 Kg4 88. g6 Kh5 89. g7 Kh6 90. g8=Q Kh5 91. Qg5# 1-0


[Site "https://www.chess.com"]

[Event "Titled Tuesday Blitz March 22 Late 2022"]
[White "Oro, Luis"]
[Black "Elissalt Cardenas, Hector"]
[WhiteFideId "104094"]
[BlackFideId "3500632"]
[WhiteElo "2329"]
[BlackElo "2159"]
[Result "1-0"]
[Round "09"]
[TimeControl "180+1"]
[Date "2022.03.22"]
[WhiteClock "0:00:17"]
[BlackClock "0:00:02"]

1. e4 d6 2. d4 Nf6 3. Nc3 e5 4. dxe5 dxe5 5. Qxd8+ Kxd8 6. Bg5 Be6 7. O-O-O+ Nd7 8. Nf3 Kc8 9. h3 Bb4 10. Nd5 a5 11. Bxf6 gxf6 12. Bc4 Bc5 13. Nd2 c6 14. Nc3 Bxf2 15. Bxe6 fxe6 16. Nc4 b5 17. Nd6+ Kc7 18. Kb1 Bd4 19. Nf7 Rhf8 20. Nh6 Bxc3 21. bxc3 Nb6 22. Rhf1 Nc4 23. Rf3 Nd6 24. Re1 Rad8 25. Ng4 f5 26. exf5 exf5 27. Nxe5 Rde8 28. Rfe3 Re6 29. Nf3 Rxe3 30. Rxe3 Ne4 31. Nd4 Nc5 32. Re5 Kd6 33. Rxc5 f4 34. Rf5 Rxf5 35. Nxf5+ Ke5 36. Ne7 c5 37. Nc6+ 1-0


[Site "https://www.chess.com"]